 Dungeon Crawl Stone Soup version 0.23.1 (webtiles) character file.

Game seed: 7195090806266507586

26 Nekros the Grave Robber (level 2, 0/19 HPs)
             Began as a Vampire Necromancer on Mar 9, 2019.
             Slain by a jackal (2 damage)
             ... on level 1 of the Dungeon.
             The game lasted 00:05:34 (731 turns).

Nekros the Grave Robber (Vampire Necromancer)        Turns: 731, Time: 00:05:34

Health: 0/19       AC:  3    Str:  7    XL:     2   Next: 89%
Magic:  0/5        EV: 12    Int: 17    God:
Gold:   8          SH:  0    Dex: 14    Spells: 5/6 levels left

rFire    . . .     SeeInvis +   (no weapon)
rCold    . . .     Gourm    .   (no shield)
rNeg     . . .     Faith    .   a - +0 robe
rPois    .         Spirit   .   (no helmet)
rElec    .         Reflect  .   j - +0 cloak
rCorr    .         Harm     .   (no gloves)
MR       .....                  (no boots)
Stlth    ++........             (no amulet)
HPRegen  0.26/turn              (no ring)
MPRegen  0.09/turn              (no ring)

@: regenerating quickly
A: fangs 3, see invisible, unbreathing
a: no special abilities


You were on level 1 of the Dungeon.
You were very full.

You visited 1 branch of the dungeon, and saw 1 of its levels.

You collected 8 gold pieces.

Inventory:

Hand Weapons
 b - a +2 hand axe of flaming
 d - a +2 dagger of venom
Armour
 a - a +0 robe (worn)
 j - a +0 cloak (worn)
Scrolls
 f - 2 scrolls of identify {unknown}
 g - a scroll of blinking {unknown}
 k - a scroll of remove curse {unknown}
Potions
 c - a potion of blood
 e - a potion of haste {unknown}
 h - a potion of lignification {unknown}
 i - a potion of heal wounds {unknown}


   Skills:
 + Level 2.2 Dodging
 + Level 3.0 Stealth
 + Level 2.5 Spellcasting
 + Level 5.0 Necromancy


You had 5 spell levels left.
You knew the following spells:

 Your Spells              Type           Power        Failure   Level  Hunger
a - Pain                  Necr           ###.         2%          1    #......

Your spell library contained the following spells:

 Spells                   Type           Power        Failure   Level  Hunger
 Animate Skeleton         Necr           N/A          2%          1    #......
 Vampiric Draining        Necr           ###.......   7%          3    ###....
 Regeneration             Chrm/Necr      ##........   21%         3    ###....
 Animate Dead             Necr           N/A          22%         4    #####..


Dungeon Overview and Level Annotations

Branches:
Dungeon (1/15)

Altars:


Innate Abilities, Weirdness & Mutations

Your natural rate of healing is unusually fast.
You have razor-sharp teeth.
You have supernaturally acute eyesight. (SInv)
You can survive without breathing.


Message History

The jackal bites you but does no damage.
You hit the jackal but do no damage.
The jackal is almost dead.
The jackal bites you. x2
* * * LOW HITPOINT WARNING * * *
The jackal completely misses you. The jackal closely misses you.
The jackal bites you but does no damage.
Casting: Pain (safe; 2% risk of failure)
Confirm with . or Enter, or press ? or * to list all spells.
Aiming: Pain (safe; 2% risk of failure)
Press: ? - help, Shift-Dir - straight line, f/p - jackal
Aim: a jackal (almost dead, chance to defeat MR: 89%)
The jackal writhes in agony.
You kill the jackal!
The jackal bites you.
* * * LOW HITPOINT WARNING * * *
The jackal misses you. The jackal bites you.
You die...

... #.##[...#
#.......# ♣♣♣
#.##.#####
##.#.#...# #.##.#
#.. .........#
#.##.###.#
########..#
#......#.# #..#
#..###.#(## #..#
..... #....# #..#
..... #.#..#
#########..# #.###
...#@h#
#..........# .
#.###..#
#.########.# #.
#..# #.# #.# #
#..####.##### #.#
#...........####.#
#
##....)..........#
#
######.###.######
### #)# #.# ..#
#.# #.#


You could see a jackal.

Vanquished Creatures
  A dart slug (D:1)
  A leopard gecko (D:1)
  3 bats (D:1)
  2 goblins (D:1)
  4 hobgoblins (D:1)
  3 jackals (D:1)
  A ball python (D:1)
  A frilled lizard (D:1)
  3 kobolds (D:1)
  4 rats (D:1)
23 creatures vanquished.

Notes
Turn   | Place    | Note
-------+----------+-------------------------------------------
     0 | D:1      | Nekros the Vampire Necromancer began the quest for the Orb.
     0 | D:1      | Reached XP level 1. HP: 13/13 MP: 3/3
   235 | D:1      | Reached XP level 2. HP: 19/19 MP: 3/5
   610 | D:1      | Reached skill level 5 in Necromancy
   731 | D:1      | Slain by a jackal

Skill      XL: |  1  2 |
---------------+-------+-----
Necromancy     | 5 |  5.0
Dodging        | |  2.2
Stealth        | |  3.0
Spellcasting   | |  2.5

Action                   || total
-------------------------++-------
Melee: Unarmed           ||    26
       Bite              ||     4
 Cast: Pain              ||    41
  Eat: Corpse            ||     7
Armor: Robe              ||    14
Dodge: Dodged            ||    36
